 Dungeon Crawl Stone Soup version 0.26-a0-812-g31a745ddcd (webtiles) character file.

Game seed: 6298650885608099056

441 Dracia the Stinger (level 6, -3/61 HPs)
             Began as a Demonspawn Venom Mage on Dec 2, 2020.
             Slain by a centaur (5 damage)
             ... on level 5 of the Dungeon.
             The game lasted 00:11:35 (5099 turns).

Dracia the Stinger (Demonspawn Venom Mage)          Turns: 5099, Time: 00:11:36

Health: -3/61      AC: 23    Str:  8    XL:     6   Next: 70%
Magic:  0/12       EV:  2    Int: 19    God:
Gold:   249        SH:  5    Dex: 13    Spells: 0/13 levels left

rFire    . . .     SeeInvis +   j - +1 short sword
rCold    . . .     Faith    .   (no shield)
rNeg     + + +     Spirit   .   (armour currently unavailable)
rPois    +         Reflect  +   (helmet currently unavailable)
rElec    .         Harm     .   (cloak currently unavailable)
rCorr    .         Rampage  .   (gloves currently unavailable)
MR       +....     NoTele   +   (boots currently unavailable)
Stlth    ++........             p - amulet of reflection
HPRegen  0.20/turn              f - ring of see invisible
MPRegen  0.13/turn              o - ring of protection from magic

@: tree-form
A: powered by pain 1
a: no special abilities


You were on level 5 of the Dungeon.
You were a tree.
You visited 1 branch of the dungeon, and saw 5 of its levels.

You collected 249 gold pieces.


Innate Abilities, Weirdness & Mutations

((You have large cloven feet.))
((Your flesh is cold resistant. (rC+)))
You sometimes gain a little power by taking damage.


   Skills:
 - Level 1.7 Dodging
 - Level 1.7 Stealth
 + Level 4.4 Spellcasting
 - Level 3.0 Transmutations
 + Level 0.7 Fire Magic
 - Level 5.1 Poison Magic


You couldn't memorise any spells.
You knew the following spells:

 Your Spells              Type           Power        Failure   Level
a - Ignite Poison         Fire/Tmut/Pois ###.....     12%         3
b - Olgreb's Toxic Radia  Pois           ###.....     16%         4
d - Poisonous Vapours     Pois/Air       ##....       7%          2
e - Mephitic Cloud        Conj/Pois/Air  ##......     21%         3
f - Sting                 Tmut/Pois      ###.         2%          1

Your spell library contained the following spells:

 Spells                   Type           Power        Failure   Level
 Magic Dart               Conj           #...         13%         1
 Blink                    Tloc           N/A          21%         2
 Call Imp                 Summ           #.......     21%         2
 Slow                     Hex            #.......     21%         2
 Conjure Flame            Conj/Fire      #.......     34%         3

Inventory:

Hand Weapons
 j - a +1 short sword (weapon)
Missiles
 c - 13 poisoned darts (quivered)
Armour
 a - a +0 robe (melded)
Jewellery
 f - a ring of see invisible (left branch)
 o - a ring of protection from magic (right branch)
 p - an amulet of reflection (around neck)
 q - an uncursed ring of resist corrosion
Scrolls
 b - a scroll of teleportation {@r4@r4}
 d - 8 scrolls of remove curse {unknown}
 e - 2 scrolls of identify {unknown}
 h - 3 scrolls of enchant weapon
 i - a scroll of immolation {unknown}
 l - 2 scrolls of fog
 r - a scroll of enchant armour {unknown}
 s - a scroll of fear {unknown}
Potions
 g - a potion of resistance {unknown}
 k - 2 potions of curing {@q1@q1}
 m - a potion of brilliance
 n - 2 potions of magic {unknown}
 u - a potion of degeneration {unknown}

Dungeon Overview and Level Annotations

Branches:
Dungeon (5/15)
 Temple: D:4-7

Altars:
Cheibriados
Wu Jian
Xom

#### #. #..# #. #..#
#.
###########.#####..###
#.
#.....................
#.
#.#########.#####..###
#. #.# ####..##. #
##.####.#########
..#......
.<..#...(....)c♣....#
#.#.###+#
........###########.#
#.#.# #.#.#.#.# #.#
#.#.###.# # #.#.# #.#
#...'.._. # #.# #.#
#...##### ...
#.####.#.# #.#
#......#.# ..#
#..#####.. ... #..#
####


You could see a centaur (very poisoned).


Message History

You barely miss the centaur.
The centaur is moderately wounded.
You block the centaur's attack.
You hit the centaur but do no damage.
The centaur is moderately wounded.
The centaur hits you.
* * * LOW HITPOINT WARNING * * *
The centaur hits you.
* * * LOW HITPOINT WARNING * * *
Casting: Sting (safe; 2% risk of failure)
Confirm with . or Enter, or press ? or * to list all spells.
Aiming: Sting (safe; 2% risk of failure)
Press: ? - help, Shift-Dir - straight line, f/p - centaur
Aim: a centaur, quivering 24 arrows (heavily wounded, poisoned)
The sting hits the centaur.
The centaur looks even sicker.
The centaur is heavily wounded.
The centaur hits you but does no damage.
You closely miss the centaur.
The centaur is heavily wounded.
The centaur hits you but does no damage.
The centaur hits you.
* * * LOW HITPOINT WARNING * * *
You hit the centaur.
The centaur is severely wounded.
You block the centaur's attack. The centaur hits you.
* * * LOW HITPOINT WARNING * * *
You hit the centaur but do no damage.
The centaur is severely wounded.
The centaur hits you.
You die...

Skill      XL: |  1  2  3  4  5  6 |
---------------+-------------------+-----
Transmutations | 1 2 3 |  3.0
Spellcasting   | 3 4 |  4.4
Poison Magic   | 4 5 |  5.1
Dodging        | |  1.7
Stealth        | |  1.7
Fire Magic     | |  0.7

Action                   |  1- 3 |  4- 6 || total
-------------------------+-------+-------++-------
Melee: Short sword       |    59 |    41 ||   100
       Unarmed           |     2 |       ||     2
       Kick              |     6 |     7 ||    13
 Cast: Sting             |    33 |    53 ||    86
       Poisonous Vapours |    12 |    47 ||    59
       Olgreb's Toxic Ra |       |     1 ||     1
  Use: Potion            |     1 |     6 ||     7
       Scroll            |       |     6 ||     6
Armor: Robe              |    27 |    23 ||    50
       Skin              |       |     5 ||     5
Dodge: Dodged            |   114 |    81 ||   195
Block: Other             |       |    13 ||    13
       Reflection        |       |     1 ||     1

Levels and vault maps discovered:
D:1:      dpeg_arrival_rhombus, layout_basic, moated_statue,
          minmay_misc_feat_more_columns, item_on_display_a
D:2:      layout_basic, nicolae_overflow_crystal_walls, st_stairs_12,
          grunt_ministairs_6, dk_noncrumbling_3, minmay_pentomino_pile
D:3:      layout_rooms, nicolae_overflow_hidden_temple
D:4:      layout_basic
D:5:      layout_loops_ring, lemuel_coloured_pillars_altar,
          kennysheep_mini_moat, lemuel_doored_altar, grunt_temple_overflow_open

Notes
Turn   | Place    | Note
-------+----------+-------------------------------------------
     0 | D:1      | Dracia the Demonspawn Venom Mage began the quest for the
                  | Orb.
     0 | D:1      | Reached XP level 1. HP: 13/13 MP: 3/3
    42 | D:1      | Reached skill level 1 in Transmutations
   673 | D:2      | Gained mutation: You have large cloven feet. [demonic
                  | ancestry]
   673 | D:2      | Reached XP level 2. HP: 14/19 MP: 5/5
   686 | D:2      | Learned a level 2 spell: Poisonous Vapours
   910 | D:2      | Reached XP level 3. HP: 14/24 MP: 0/6
  1227 | D:2      | Found a snail-covered altar of Cheibriados.
  1349 | D:2      | Learned a level 3 spell: Ignite Poison
  1908 | D:2      | Reached skill level 2 in Transmutations
  2017 | D:2      | You fall into a shaft and drop 2 floors!
  2017 | D:4      | Noticed an ogre
  2058 | D:4      | Killed an ogre
  2058 | D:4      | Reached skill level 3 in Spellcasting
  2058 | D:4      | Reached skill level 4 in Poison Magic
  2058 | D:4      | Gained mutation: You sometimes gain a little power by
                  | taking damage. [demonic ancestry]
  2058 | D:4      | Reached XP level 4. HP: 19/30 MP: 1/8
  2058 | D:4      | Reached XP level 5. HP: 23/35 MP: 1/9
  2260 | D:3      | Found a shimmering altar of Xom.
  2323 | D:4      | Learned a level 3 spell: Mephitic Cloud
  2627 | D:3      | Reached skill level 3 in Transmutations
  3734 | D:2      | Gained mutation: Your flesh is cold resistant. (rC+)
                  | [demonic ancestry]
  3734 | D:2      | Reached XP level 6. HP: 41/41 MP: 6/11
  4799 | D:4      | Reached skill level 4 in Spellcasting
  4799 | D:4      | Reached skill level 5 in Poison Magic
  4889 | D:4      | Learned a level 4 spell: Olgreb's Toxic Radiance
  5011 | D:5      | Entered Level 5 of the Dungeon
  5032 | D:5      | Found an ornate altar of the Wu Jian Council.
  5098 | D:5      | HP: 2/61 [centaur (5)]
  5099 | D:5      | Slain by a centaur

Vanquished Creatures
  2 ogres (D:4)
  A bullfrog skeleton (D:4)
  2 orc wizards
  A worker ant (D:4)
  A hound skeleton (D:4)
  6 adders
  A white imp (D:5)
  An adder skeleton (D:4)
  4 worms
  A dart slug (D:3)
  4 leopard geckos
  6 orcs
  3 ball pythons
  8 bats
  5 giant cockroaches
  3 goblins
  6 hobgoblins
  4 jackals (D:2)
  5 kobolds
  3 quokkas
  2 frilled lizards
  A rat (D:2)
70 creatures vanquished.

Table legend: (Time is in decaauts)
 A = Elapsed time spent in this place.
 B = Non-inter-level travel time spent in this place.
 C = Inter-level travel time spent in this place.
 D = Time resting spent in this place.
 E = Time spent auto-exploring this place.
 F = Levels seen in this place.
 G = Mean time per level.
                   A        B        C        D        E       F      G
               +--------+--------+--------+--------+--------+-----+--------+
         Total |   5088 |   4958 |    130 |    372 |   3751 |   5 | 1017.6 |
       Dungeon |   5088 |   4958 |    130 |    372 |   3751 |   5 | 1017.6 |
               +--------+--------+--------+--------+--------+-----+--------+

Top non-repeatable levels by time:
     D:2: 1729 daAuts
     D:3: 1422 daAuts
     D:4: 1226 daAuts
     D:1: 622 daAuts
     D:5: 88 daAuts

Table legend:
 A = Non-vault XP
 B = Vault XP
 C = Vault XP percentage of total XP
 D = Non-vault monster count
 E = Vault monster count
 F = Vault count percentage of total count
                 A         B        C        D         E       F
            +---------+---------+-------+---------+---------+-------
      Total |     589 |      41 |   6.5 |      62 |       8 |  11.4
            +---------+---------+-------+---------+---------+-------
        D:1 |      10 |       0 |   0.0 |       5 |       0 |   0.0
        D:2 |      44 |      41 |  48.2 |      13 |       8 |  38.1
        D:3 |      75 |       0 |   0.0 |      26 |       0 |   0.0
        D:4 |     401 |       0 |   0.0 |      13 |       0 |   0.0
        D:5 |      59 |       0 |   0.0 |       5 |       0 |   0.0
            +---------+---------+-------+---------+---------+-------
